 Dungeon Crawl Stone Soup version 0.20.1-1-g8b1a95d (webtiles) character file.

8 vatarom the Skirmisher (level 2, 0/24 HPs)
             Began as a Demonspawn Abyssal Knight on Sept 25, 2017.
             Was an Initiate of Lugonu.
             Hit by a stone thrown by a hobgoblin (1 damage)
             ... on level 1 of the Dungeon.
             The game lasted 00:01:56 (382 turns).

vatarom the Skirmisher (Demonspawn Abyssal Knight)   Turns: 382, Time: 00:01:57

Health: 0/24       AC:  3    Str: 12    XL:     2   Next: 0%
Magic:  4/4        EV: 11    Int: 13    God:    Lugonu [......]
Gold:   67         SH:  0    Dex: 12    Spells: 1/1 levels left

rFire    . . .     SeeInvis .   a - +1 falchion
rCold    . . .     Gourm    .   (no shield)
rNeg     . . .     Faith    .   b - +0 leather armour
rPois    .         Spirit   .   (helmet restricted)
rElec    .         Reflect  .   (no cloak)
rCorr    .         Harm     .   (no gloves)
MR       .....     Clarity  +   (no boots)
Stlth    ++........             (no amulet)
Regen    0.1/turn               (no ring)
MPRegen  0.1/turn               (no ring)

@: drained
A: antennae 1, clarity, nightstalker 1, wild magic 1
a: Renounce Religion


You were on level 1 of the Dungeon.
You worshipped Lugonu.
Lugonu was noncommittal.
You were not hungry.

You visited 1 branch of the dungeon, and saw 1 of its levels.
You visited the Abyss 1 time.

You collected 67 gold pieces.

Inventory:

Hand Weapons
 a - a +1 falchion (weapon)
Armour
 b - a +0 leather armour (worn)
Scrolls
 d - a scroll of identify
 e - a scroll of remove curse
Comestibles
 c - a bread ration


   Skills:
 + Level 3.1(3.0) Fighting
 * Level 2.0(1.9) Long Blades
 + Level 1.8(1.7) Armour
 + Level 1.0(0.9) Dodging
 * Level 2.7(2.6) Invocations


You had one spell level left.
You didn't know any spells.

Dungeon Overview and Level Annotations

Branches:
Dungeon (1/15)

Altars:


Innate Abilities, Weirdness & Mutations

You are slightly more attuned to the shadows.
You have a pair of small antennae on your head.
You possess an exceptional clarity of mind.
Your spells are a little harder to cast, but a little more powerful.


Message History

The kobold completely misses you. The hobgoblin hits you.
* * * LOW HITPOINT WARNING * * *
The goblin throws a stone.
The stone hits you.
* * * LOW HITPOINT WARNING * * *
The hobgoblin throws a stone.
The stone misses you.
The hobgoblin throws a stone.
The stone barely misses you. The kobold hits you with a mace.
* * * LOW HITPOINT WARNING * * *
You see here 3 stones.
You aren't carrying any potions.
Okay, then.
The hobgoblin throws a stone.
The stone misses you.
The hobgoblin throws a stone.
The stone closely misses you.
Unknown command.
The hobgoblin throws a stone.
The stone hits you but does no damage.
You see here a stone.
Unknown command.
The hobgoblin throws a stone.
The stone hits you but does no damage.
The hobgoblin throws a stone.
The stone hits you.
You die...

##..#### ≈≈≈≈§§§#####..##.†......
#.### ≈≈...§§§§ ###.##......# .##
#.§§§....§§.# ##.##....## .# #
###'###### #.##...## .#####
###8'8#8### #####.###'##
##...###....(((((###..≈##.##.#
#....##......g....##..≈≈#.##.####
#....#......g.((..##...≈#.#..#...
'...(..)....<.K.@.8'...≈+(...(...
#....#.......[(...'#...≈#.#....##
#....##...........##$.≈≈#.#....##
##...###....g...(###..≈##.##.#.##
.##### ####8'8#### ######.##(#...
.# ######'#### #.###.#### .##
#......... ##.# #.# #.### ≈≈.....
###.## #.# ##..#### §§≈≈≈
####..## #.#


You could see 2 hobgoblins, a goblin and a kobold.

Vanquished Creatures
  A ball python (D:1)
  2 goblins (D:1)
  A kobold (D:1)
  2 bats (D:1)
  A frilled lizard (D:1)
7 creatures vanquished.

Notes
Turn   | Place    | Note
-------+----------+-------------------------------------------
     0 | Abyss:1  | vatarom the Demonspawn Abyssal Knight began the quest for the Orb.
     0 | Abyss:1  | Reached XP level 1. HP: 18/18 MP: 2/2
     9 | Abyss:1  | Noticed a great orb of eyes
    10 | Abyss:1  | Noticed a small abomination
    13 | D:1      | Escaped the Abyss
   175 | D:1      | Gained mutation: Your spells are a little harder to cast, but a little more powerful. [potion of mutation]
   175 | D:1      | Gained mutation: You possess an exceptional clarity of mind. [potion of mutation]
   175 | D:1      | Gained mutation: You have a pair of small antennae on your head. [potion of mutation]
   375 | D:1      | Reached skill level 1 in Dodging
   375 | D:1      | Gained mutation: You are slightly more attuned to the shadows. [demonic ancestry]
   375 | D:1      | Reached XP level 2. HP: 15/24 MP: 4/4
   379 | D:1      | HP: 1/24 [kobold/mace (5)]
   382 | D:1      | Hit by a stone thrown by a hobgoblin

Skill      XL: |  1 |
---------------+----+-----
Long Blades    | 2 |  2.0
Dodging        | 1 |  1.0
Fighting       | |  3.1
Armour         | |  1.8
Invocations    | |  2.7

Action                   || total
-------------------------++-------
Melee: Falchion          ||    18
Invok: Depart the Abyss  ||     1
  Use: Scroll            ||     2
       Potion            ||     2
Armor: Leather armour    ||    18
Dodge: Dodged            ||    26
       Rpst.: Falchion   ||     7
